 Dungeon Crawl Stone Soup version 0.27-a0-705-ga0013940fb (webtiles) character file.

Game seed: 6826839039547457569

198 rageheart7 the Cudgeller (level 5, -20/79 HPs)
             Began as a Troll Berserker on Mar 23, 2021.
             Was a Believer of Trog.
             Demolished by an ogre
             ... wielding a +0 giant club
              (26 damage)
             ... on level 5 of the Dungeon.
             The game lasted 00:02:16 (2811 turns).

rageheart7 the Cudgeller (Troll Berserker)          Turns: 2811, Time: 00:02:16

Health: -20/79     AC:  4    Str: 25    XL:     5   Next: 47%
Magic:  4/4        EV: 10    Int:  3    God:    Trog [**....]
Gold:   136        SH:  0    Dex: 10    Spells: 4/4 levels left

rFire    . . .     SeeInvis .   a - +0 mace
rCold    . . .     Faith    .   (no shield)
rNeg     . . .     Spirit   .   b - +0 animal skin
rPois    .         Reflect  .   (helmet restricted)
rElec    .         Harm     .   (no cloak)
rCorr    .         Rampage  .   (gloves unavailable)
Will     .....                  (boots unavailable)
Stlth    ..........             (no amulet)
HPRegen  1.23/turn              (no ring)
MPRegen  0.09/turn              (no ring)

@: berserking, very quick
A: large, unfitting armour, claws 3, regeneration 1, shaggy fur 1, tough skin 1
a: Renounce Religion, Berserk, Trog's Hand


You were on level 5 of the Dungeon.
You worshipped Trog.
Trog was pleased with you.
You visited 1 branch of the dungeon, and saw 5 of its levels.

You collected 136 gold pieces.

Inventory:

Hand Weapons
 a - a +0 mace (weapon)
Armour
 b - a +0 animal skin (worn)
Jewellery
 d - an amulet of faith
Wands
 q - a wand of random effects (13)
Scrolls
 c - 3 scrolls of identify {unknown}
 e - 2 scrolls of teleportation {unknown}
 f - a scroll of amnesia {unknown}
 g - a scroll of vulnerability {unknown}
 j - a scroll of magic mapping {unknown}
 k - 3 scrolls of fog {unknown}
 r - a scroll of enchant weapon {unknown}
 s - a scroll of torment {unknown}
Potions
 h - a potion of ambrosia {unknown}
 i - a potion of curing {unknown}
 l - a potion of attraction {unknown}
 m - a potion of might {unknown}
 n - 2 potions of heal wounds {unknown}
 o - a potion of degeneration {unknown}
 p - a potion of invisibility {unknown}
 t - a potion of haste {unknown}


   Skills:
 * Level 3.5 Fighting
 * Level 4.9 Maces & Flails
 - Level 2.4 Dodging


You had 4 spell levels left.
You didn't know any spells.
Your spell library was empty.

Dungeon Overview and Level Annotations

Branches:
Dungeon (5/15)
 Temple: D:4-7

Altars:
Elyvilon
Trog
Wu Jian


Innate Abilities, Weirdness & Mutations

You are too large for most types of armour.
You have claws for hands.
Your natural rate of healing is unusually fast.
You are covered in fur. (AC +1)
You have tough skin. (AC +1)


Message History

Done exploring.
Okay, then.
There is a stone staircase leading down here.
You climb downwards.
A shadow imp comes into view.
The shadow imp shouts, "Slither home, thou plume-plucked tickle-brained haggard!"
You hear a shout!
There is a stone staircase leading up here.
An ogre comes into view. It is wielding a +0 giant club.
The ogre shouts!
Found a robe.
You sock the shadow imp!
The shadow imp is severely wounded.
The shadow imp hits you.
The shadow imp hits you but does no damage.
You barely miss the shadow imp.
The shadow imp is severely wounded.
The ogre hits you with a +0 giant club! The shadow imp hits you.
You hit the shadow imp.
You kill the shadow imp!
Trog accepts your kill. The ogre hits you with a +0 giant club!
You hit the ogre.
The ogre is lightly wounded.
The ogre misses you.
You hit the ogre.
The ogre is moderately wounded.
The ogre barely misses you.
You hit the ogre.
The ogre is moderately wounded.
The ogre hits you with a +0 giant club!!
* * * LOW HITPOINT WARNING * * *
A red film seems to cover your vision as you go berserk!
You feel yourself moving faster!
You feel mighty! The ogre hits you with a +0 giant club!
* * * LOW HITPOINT WARNING * * *
You hit the ogre.
The ogre is moderately wounded.
The ogre hits you with a +0 giant club!!
You die...

#.....##.[ ..
#........##.
##.........
#.........
#.......
##...... .
#......## ..#
#......O###...#
#..#.#..@<....#
##..##.....#
#.... ....#
.....## ##.#
#......# #
.......##
......## ...#..


You could see an ogre.

Vanquished Creatures
  A howler monkey (D:4)
  3 worker ants (D:4)
  2 adders
  A shadow imp (D:5)
  2 worms
  2 dart slugs (D:1)
  An orc (D:4)
  2 giant cockroaches
  5 goblins
  A hobgoblin (D:2)
  7 oozes
  2 quokkas (D:1)
  4 ball pythons
  9 bats
  4 frilled lizards
  5 kobolds
  A quokka skeleton (D:4)
  6 rats
58 creatures vanquished.

Notes
Turn   | Place    | Note
-------+----------+-------------------------------------------
     0 | D:1      | rageheart7 the Troll Berserker began the quest for the Orb.
     0 | D:1      | Reached XP level 1. HP: 22/22 MP: 0/0
    75 | D:1      | Reached skill level 3 in Maces & Flails
   115 | D:1      | Reached XP level 2. HP: 29/29 MP: 1/1
   779 | D:1      | Reached XP level 3. HP: 36/36 MP: 2/2
   891 | D:2      | Reached ** piety under Trog
  1395 | D:2      | Found a white marble altar of Elyvilon.
  2295 | D:4      | Reached XP level 4. HP: 41/45 MP: 3/3
  2354 | D:4      | Reached skill level 4 in Maces & Flails
  2445 | D:4      | Found an ornate altar of the Wu Jian Council.
  2458 | D:4      | Found a bloodstained altar of Trog.
  2529 | D:4      | Reached XP level 5. HP: 51/53 MP: 4/4
  2800 | D:5      | Entered Level 5 of the Dungeon
  2802 | D:5      | Noticed an ogre
  2811 | D:5      | Demolished by an ogre

Illustrated notes

Levels and vault maps discovered:
D:1:      dpeg_arrival_circle_labyrinth_a, layout_basic
D:2:      layout_loops_cross, overflow_temple_1_default,
          kennysheep_generic_room_12
D:3:      layout_basic, roderic_lattice_a
D:4:      layout_cave_pools, amethyst_overflow_temple_binary
D:5:      layout_cave_pools, marbit_many_paths, minivault_25,
          minmay_misc_feat_enclosed, amcnicky_mini_pool_medium

Skill      XL: |  1  2  3  4 |
---------------+-------------+-----
Maces & Flails | 3 4 |  4.9
Fighting       | 3 |  3.5
Dodging        | |  2.4

Action                   |  1- 3 |  4- 6 || total
-------------------------+-------+-------++-------
Melee: Mace              |   140 |    40 ||   180
Invok: Berserk           |       |     1 ||     1
Armor: Animal skin       |    48 |     6 ||    54
Dodge: Dodged            |    85 |    14 ||    99

Table legend: (Time is in decaauts)
 A = Elapsed time spent in this place.
 B = Non-inter-level travel time spent in this place.
 C = Inter-level travel time spent in this place.
 D = Time resting spent in this place.
 E = Time spent auto-exploring this place.
 F = Levels seen in this place.
 G = Mean time per level.
                   A        B        C        D        E       F      G
               +--------+--------+--------+--------+--------+-----+--------+
         Total |   2849 |   2778 |     71 |      0 |   2371 |   5 |  569.8 |
       Dungeon |   2849 |   2778 |     71 |      0 |   2371 |   5 |  569.8 |
               +--------+--------+--------+--------+--------+-----+--------+

Top non-repeatable levels by time:
     D:1: 882 daAuts
     D:3: 739 daAuts
     D:2: 693 daAuts
     D:4: 521 daAuts
     D:5: 11 daAuts
